 Dungeon Crawl Stone Soup version 0.32-a0-607-g64ea0e4219 (webtiles) character file.

Game seed: 18091400276575997741

1607 backslashecho the Cleaver (level 8, 0/65 HPs)
             Began as a Coglin Berserker on Mar 3, 2024.
             Was a Priest of Trog.
             Slain by a wight
             ... wielding a +2 long sword
              (10 damage)
             ... on level 6 of the Dungeon.
             The game lasted 00:11:32 (5507 turns).

backslashecho the Cleaver (Coglin Berserker)        Turns: 5507, Time: 00:11:33

Health: 0/65       AC: 10    Str: 20    XL:     8   Next: 95%
Magic:  8/8        EV:  8    Int:  6    God:    Trog [***...]
Gold:   207        SH:  0    Dex: 14    Spells: 7/7 levels left

rFire   . . .        a - +0 hand axe {Sachi}
rCold   . . .        j - +3 whip (venom) {Ishleen}
rNeg    . . .        E - +0 chain mail
rPois   .            s - +0 helmet
rElec   .            (no cloak)
rCorr   .            C - +0 pair of gloves
SInv    .            (no boots)
Will    .....        (amulet unavailable) Stlth
                     (ring unavailable)
HPRegen 0.30/turn    (ring unavailable)
MPRegen 0.11/turn    (no gizmo)

%: no passive effects
@: on berserk cooldown, slowed, revving, very slow
A: off-hand wielding, slow wielding, warmup strikes, no jewellery
a: Invent Gizmo, Renounce Religion, Berserk, Trog's Hand


You were on level 6 of the Dungeon.
You worshipped Trog.
Trog was most pleased with you.
You visited 1 branch of the dungeon, and saw 6 of its levels.

You collected 235 gold pieces.
You spent 28 gold pieces at shops.

Inventory:

Hand Weapons
 a - a +0 hand axe (weapon) {Sachi}
 j - a +3 whip of venom (offhand) {Ishleen}
Missiles
 m - 2 throwing nets
 w - 3 poisoned darts (quivered)
Armour
 g - a +0 ring mail of cold resistance
 s - a +0 helmet (worn)
 C - a +0 pair of gloves (worn)
 E - a +0 chain mail (worn)
Wands
 x - a wand of warping (5)
 D - a wand of acid (7)
Scrolls
 c - a scroll of enchant weapon
 d - a scroll of blinking {unknown}
 f - a scroll of silence {unknown}
 q - a scroll of brand weapon {unknown}
 r - 2 scrolls of enchant armour {unknown}
 t - a scroll of revelation {unknown}
 u - a scroll of vulnerability {unknown}
 z - 4 scrolls of teleportation
Potions
 e - 3 potions of cancellation
 h - a potion of invisibility
 i - a potion of magic
 k - 5 potions of curing
 l - 3 potions of haste {unknown}
 n - 2 potions of heal wounds {unknown}
 p - a potion of brilliance {unknown}
 v - a potion of mutation {unknown}
 A - 2 potions of berserk rage {unknown}
 B - a potion of enlightenment {unknown}


   Skills:
 + Level 6.9 Fighting
 - Level 1.3 Short Blades
 * Level 9.3 Axes
 - Level 2.0 Armour
 - Level 2.0 Dodging


You had 7 spell levels left.
You didn't know any spells.
Your spell library was empty.

Dungeon Overview and Level Annotations

Branches:
Dungeon (6/15)             Temple (0/1) D:4

Altars:
Dithmenos

Shops:
D:1 =   D:2 ?   D:6 *(:

Annotations:
D:2 1 runed translucent door, 1 exclusion, Crazy Yiuf
D:6 Pikel


Innate Abilities, Weirdness & Mutations

You can wield a second weapon in your off-hand.
It takes a long time for you to wield or remove held weapons.
Your first few attacks do less damage.
You cannot equip rings or amulets.


Message History

You barely miss Edmund with your +3 whip of venom.
Edmund barely misses you.
The lemure hits you but does no damage. x2
You hit Edmund with your +3 whip of venom.
Edmund looks as sick as possible!
Edmund is almost dead.
You slash Edmund with your +0 hand axe!
You kill Edmund!
Trog accepts your kill.
You barely miss the lemure with your +0 hand axe. x2
Your Axes skill increases to level 9!
You slash the lemure with your +0 hand axe!
The lemure is almost dead.
You hit the lemure with your +0 hand axe.
You whack the lemure with your +3 whip of venom!
You kill the lemure!
That felt strangely unrewarding.
The lemure hits you but does no damage.
You are no longer berserk.
You are exhausted.
You feel yourself slow down.
An orc comes into view. It is wielding a +0 war axe.
The lemure hits you but does no damage. The lemure hits you!
Things that are here:
a +1 flail of protection; a +1 ring mail of poison resistance You now have 37/65 hp.
You hit the orc priest but do no damage.
You slash the lemure with your +0 hand axe!
You barely miss the lemure with your +0 hand axe.
You hit the lemure with your +0 hand axe.
You hit the orc priest with your +3 whip of venom.
The orc priest is poisoned.
The lemure barely misses you.
An orc comes into view. It is wielding a +0 whip.
The orc priest calls down the wrath of Beogh upon you.
Pain shoots through your body! The lemure hits you.
The lemure hits you but does no damage.
You take 4 damage, and have 33/65 hp.
You slash the orc priest with your +0 hand axe!
The orc priest is almost dead.
You hit the lemure but do no damage.
You hit the orc priest with your +0 hand axe.
You barely miss the lemure with your +0 hand axe.
You miss the lemure with your +0 hand axe.
You hit the orc priest with your +3 whip of venom.
You kill the orc priest!
Trog accepts your kill. The lemure hits you! The orc priest closely misses you.
The lemure hits you but does no damage. x2
You take 7 damage, and have 26/65 hp.
You barely miss the orc priest with your +3 whip of venom.
The orc priest is lightly wounded.
You closely miss the orc priest with your +0 hand axe.
You hit the lemure with your +0 hand axe. x2
You barely miss the lemure with your +0 hand axe.
The lemure barely misses you.
The orc priest hits you but does no damage.
The lemure hits you. x2
You take 6 damage, and have 20/65 hp.
You hit the orc priest with your +3 whip of venom.
The orc priest is poisoned.
The orc priest is lightly wounded.
You barely miss the orc priest with your +0 hand axe.
You hit the lemure but do no damage. x2
You hit the lemure with your +0 hand axe.
The lemure barely misses you.
The lemure hits you but does no damage. x2
The orc priest hits you with a +0 hand axe.
* * * LOW HITPOINT WARNING * * *
The orc priest looks braver for a moment.
The lemure hits you!
* * * LOW HITPOINT WARNING * * *
The lemure hits you but does no damage. x2
You take 14 damage, and have 6/65 hp.
MASSIVE DAMAGE!!
You closely miss the orc priest with your +0 hand axe.
The orc priest is lightly wounded.
You hit the lemure with your +0 hand axe.
You hit the lemure but do no damage.
You closely miss the lemure with your +0 hand axe.
You hit the orc priest with your +3 whip of venom.
The orc priest looks as sick as possible!
The lemure hits you but does no damage. The orc priest closely misses you.
The lemure hits you but does no damage. x2
Okay, then.
Okay, then.
As you read the scroll of fear, it crumbles to dust.
You assume a fearsome visage.
Pikel looks frightened!
The lemure looks frightened! x3; The orc priest looks frightened!
The orc looks frightened! x2
A wight comes into view. It is wielding a +2 long sword.
A wight comes into view. It is wielding a +0 halberd.
A wight comes into view. It is wielding a +2 great sword.
Found a stone staircase leading down.
An iguana comes into view.
You kill the orc priest!
Trog accepts your kill.
Press: ? - help, v - describe, . - travel
Here: a wight, wielding a +2 long sword and wearing a +0 robe The floor.
As you read the scroll of fear, it crumbles to dust.
You assume a fearsome visage.
The wight is unaffected. x3
The iguana looks frightened!
The wight hits you with a +2 long sword!
You die...

. .........# ..
.......... .#
.....l....#
####.##...........#
.................)#
.....# #..........##
.....# #........<..#####
.....# #........@......)
....## ........zz..?...
....# #..............>
#...# ##.##.#..(..z....
..!#####...[.#...?.!....
......##..###..)).......
..........#./...........
...#......5..........<..
........######.......?..


You could see an iguana (fleeing) and 3 wights.

Vanquished Creatures
  Grinder (D:6)
  Sigmund (D:4)
  Edmund (D:6)
  A water moccasin (D:5)
  2 black bears (D:5)
  An ogre (D:5)
  Blork the orc (D:4)
  A lemure (D:6)
  2 orc priests (D:6)
  5 hounds
  5 iguanas
  A sleepcap (D:5)
  Ijyb (D:5)
  Natasha (twice) (D:2)
  Robin (D:2)
  10 adders
  6 gnolls (D:3)
  4 dart slugs
  3 ribbon worms
  An orc (D:4)
  14 ball pythons
  6 endoplasms
  3 giant cockroaches
  22 goblins
  7 hobgoblins
  5 quokkas
  12 bats
  2 frilled lizards (D:1)
  9 kobolds
  4 rats
134 creatures vanquished.

Notes
Turn   | Place    | Note
-------+----------+-------------------------------------------
     0 | D:1      | backslashecho the Coglin Berserker began the quest for the
                  | Orb.
     0 | D:1      | Reached XP level 1. HP: 18/18 MP: 1/1
   293 | D:1      | Reached XP level 2. HP: 19/24 MP: 2/2
   475 | D:1      | Reached skill level 1 in Short Blades
   554 | D:1      | Reached XP level 3. HP: 23/29 MP: 3/3
   646 | D:1      | Reached ** piety under Trog
   780 | D:1      | Found Duyhuzao's Jewellery Shoppe.
  1328 | D:2      | Reached XP level 4. HP: 25/35 MP: 4/4
  1435 | D:2      | Reached skill level 4 in Axes
  1586 | D:2      | Found Uvvigare's Magic Scroll Boutique.
  1593 | D:2      | Bought a scroll of identify for 28 gold pieces
  1662 | D:2      | Noticed Natasha
  1667 | D:2      | Killed Natasha
  1668 | D:2      | Reached XP level 5. HP: 42/42 MP: 5/5
  1682 | D:2      | Noticed Robin
  1706 | D:2      | Killed Robin
  2144 | D:2      | Found a runed translucent door.
  2145 | D:2      | Noticed Crazy Yiuf
  2282 | D:3      | Reached *** piety under Trog
  2285 | D:3      | Found a shadowy altar of Dithmenos.
  2395 | D:2      | Noticed Natasha
  2402 | D:2      | Killed Natasha
  2403 | D:2      | Reached skill level 5 in Axes
  2447 | D:3      | Reached XP level 6. HP: 48/48 MP: 6/6
  3149 | D:4      | Found a staircase to the Ecumenical Temple.
  3575 | D:4      | Reached skill level 6 in Axes
  3684 | D:4      | Noticed Blork the orc
  3695 | D:4      | Killed Blork the orc
  3696 | D:4      | Reached XP level 7. HP: 39/55 MP: 7/7
  3754 | D:4      | Reached skill level 5 in Fighting
  3853 | D:4      | Noticed Sigmund
  3865 | D:4      | Killed Sigmund
  4243 | D:5      | Entered Level 5 of the Dungeon
  4280 | D:5      | Reached skill level 7 in Axes
  4506 | D:5      | Reached XP level 8. HP: 62/64 MP: 8/8
  4623 | D:5      | Noticed Ijyb
  4632 | D:5      | Killed Ijyb
  4844 | D:5      | Reached skill level 8 in Axes
  5373 | D:6      | Found Besk's Weapon Emporium.
  5385 | D:6      | Found Atecoroulou's Assorted Antiques.
  5479 | D:6      | Identified the +6 ring mail of Geixis {^Contam Dex+2
                  | Stlth+}
  5480 | D:6      | Found Peengaw's Book Shoppe.
  5481 | D:6      | Noticed Edmund
  5481 | D:6      | Noticed Grinder
  5487 | D:6      | Killed Grinder
  5490 | D:6      | Noticed Pikel
  5493 | D:6      | Killed Edmund
  5494 | D:6      | Reached skill level 9 in Axes
  5507 | D:6      | Slain by a wight

Illustrated notes

Levels and vault maps discovered:
D:1:      dpeg_arrival_round_a, layout_basic, serial_shops, shop
D:2:      layout_loops_ring, serial_shops, shop, chequers_serial_rivers_micro_c,
          minmay_snake_closets, uniq_robin, uniq_natasha,
          uniq_crazy_yiuf_cottage
D:3:      layout_rooms, lemuel_tele_altar, minmay_misc_feat_encased,
          chequers_serial_rivers_large_b
D:4:      layout_gridville, minmay_temple_entry_overgrown,
          nicolae_zig_zag_zippers, uniq_blork_the_orc, uniq_sigmund
D:5:      layout_basic, uniq_ijyb
D:6:      layout_rooms, serial_shops, shop, shop, nicolae_shop_back_alley_shop,
          shop, uniq_edmund, uniq_pikel, uniq_grinder

Skill      XL: |  1  2  3  4  5  6  7  8 |
---------------+-------------------------+-----
Dodging        | 2 |  2.0
Armour         | 2 |  2.0
Short Blades   | 1 |  1.3
Axes           | 4 5 6 7 9 |  9.3
Fighting       | 4 5 6 |  6.9

Action                     |  1- 3 |  4- 6 |  7- 9 || total
---------------------------+-------+-------+-------++-------
  Melee: Hand axe          |    75 |   145 |    74 ||   294
         Dagger            |    62 |       |       ||    62
         Whip              |    12 |   141 |    74 ||   227
  Throw: Dart              |       |       |     1 ||     1
 Invoke: Berserk           |       |     3 |     2 ||     5
         Trog's Hand       |       |       |     1 ||     1
    Use: Scroll            |       |     2 |    10 ||    12
 Armour: Animal skin       |    21 |       |       ||    21
         Ring mail         |    32 |   111 |    27 ||   170
         Chain mail        |       |       |    48 ||    48
  Dodge: Dodged            |    44 |    90 |    25 ||   159

Table legend: (Time is in decaauts)
 A = Elapsed time spent in this place.
 B = Non-inter-level travel time spent in this place.
 C = Inter-level travel time spent in this place.
 D = Time resting spent in this place.
 E = Time spent auto-exploring this place.
 F = Levels seen in this place.
 G = Mean time per level.
                   A        B        C        D        E       F      G
               +--------+--------+--------+--------+--------+-----+--------+
         Total |   5573 |   5125 |    448 |    417 |   3579 |   6 |  928.8 |
       Dungeon |   5573 |   5125 |    448 |    417 |   3579 |   6 |  928.8 |
               +--------+--------+--------+--------+--------+-----+--------+

Top non-repeatable levels by time:
     D:4: 1239 daAuts
     D:2: 1225 daAuts
     D:1: 1124 daAuts
     D:5: 1078 daAuts
     D:3: 773 daAuts
     D:6: 132 daAuts
